 Dungeon Crawl Stone Soup version 0.22-a0-247-gbddf880 (webtiles) character file.

193 xccam the Grave Robber (level 5, 0/37 HPs)
             Began as a Demonspawn Wanderer on Feb 24, 2018.
             Slain by an orc
             ... wielding a +0 short sword
              (2 damage)
             ... on level 2 of the Dungeon.
             The game lasted 00:09:49 (5357 turns).

xccam the Grave Robber (Demonspawn Wanderer)        Turns: 5357, Time: 00:09:50

Health: 0/37       AC:  7    Str: 10    XL:     5   Next: 44%
Magic:  5/5        EV:  7    Int: 15    God:
Gold:   118        SH:  4    Dex: 14    Spells: 4/4 levels left

rFire    . . .     SeeInvis .   d - +0 dagger
rCold    . . .     Gourm    .   b - +0 buckler
rNeg     . . .     Faith    .   h - +0 scale mail
rPois    .         Spirit   .   (no helmet)
rElec    .         Reflect  .   (no cloak)
rCorr    .         Harm     .   (no gloves)
MR       .....                  f - +0 pair of boots
Stlth    ++........             (no amulet)
HPRegen  0.12/turn              (no ring)
MPRegen  0.09/turn              (no ring)

@: no status effects
A: talons 1, nightstalker 1
a: no special abilities


You were on level 2 of the Dungeon.
You were not hungry.

You visited 1 branch of the dungeon, and saw 3 of its levels.

You collected 118 gold pieces.

Inventory:

Hand Weapons
 d - a +0 dagger (weapon)
Armour
 b - a +0 buckler (worn)
 c - a +0 robe
 f - a +0 pair of boots (worn)
 h - a +0 scale mail (worn)
Jewellery
 j - an uncursed ring of see invisible {unknown}
Wands
 g - a wand of polymorph (14)


   Skills:
 - Level 1.0 Fighting
 * Level 4.1 Short Blades
 + Level 3.0 Stealth
 - Level 1.7 Shields
   Level 1.0 Summonings
   Level 4.3 Necromancy


You had 4 spell levels left.
You didn't know any spells.

Dungeon Overview and Level Annotations

Branches:
Dungeon (3/15)

Altars:
Hepliaklqana
Nemelex Xobeh


Innate Abilities, Weirdness & Mutations

You have sharp toenails.
You are slightly more attuned to the shadows.


Message History

You block the giant cockroach's attack. The orc hits you but does no damage.
You hear some strange, mumbled words.
A puff of flame appears from out of thin air!
The puff of flame misses you.
The puff of flame hits the giant cockroach.
The giant cockroach dies!
You see here a leopard gecko corpse.
You block the orc's attack. The orc hits you with a short sword.
* * * LOW HITPOINT WARNING * * *
A magic dart appears from out of thin air!
The magic dart hits you!
* * * LOW HITPOINT WARNING * * *
An orc wizard appears from thin air!
Reactivating autopickup.
The orc wizard casts a spell at you. The magic dart hits you!
* * * LOW HITPOINT WARNING * * *
The orc hits you with a short sword.
You die...

....# ###.#.# ....# #.o.#.# ....#
#.#.#.# ....# #.#.#.# ....#
#.#.#.# ....###### #.#.#.###
....#....# ##.#.#.#.## ....#....#
#.o..#....# .........#
#@...#....# #.#......#
#.........# .........#
#.........# .#.......#
#.........# .#.....#.#
##.........# .......###
#..###.....# .#.....#.#
###.##.##....# .#.....#.#
##.).#._.#....#
##.....#.###..####.####..########


You could see an orc.

Vanquished Creatures
  An orc wizard (D:3)
  Jessica (D:2)
  4 adders
  3 oozes
  A worm (D:3)
  6 leopard geckos
  6 orcs
  4 giant cockroaches
  3 goblins
  4 hobgoblins
  11 jackals
  11 kobolds
  2 quokkas
  A ball python (D:3)
  6 bats
  3 frilled lizards
  5 rats
  A plant (D:1)
73 creatures vanquished.

Vanquished Creatures (others)
  A giant cockroach (D:2)
1 creature vanquished.

Grand Total: 74 creatures vanquished

Notes
Turn   | Place    | Note
-------+----------+-------------------------------------------
     0 | D:1      | xccam the Demonspawn Wanderer began the quest for the Orb.
     0 | D:1      | xccam set off with: a ration, a +0 buckler, a +0 robe, a +0 dagger
     0 | D:1      | Reached XP level 1. HP: 15/15 MP: 1/1
   452 | D:1      | Gained mutation: You have sharp toenails. [demonic ancestry]
   452 | D:1      | Reached XP level 2. HP: 20/21 MP: 2/2
  1398 | D:1      | Reached XP level 3. HP: 23/26 MP: 3/3
  1963 | D:2      | Found a sparkling altar of Nemelex Xobeh.
  2266 | D:2      | Noticed Jessica
  2284 | D:2      | Killed Jessica
  2284 | D:2      | Reached XP level 4. HP: 25/32 MP: 4/4
  3223 | D:3      | HP: 1/32 [orc wizard/magic dart (9)]
  4401 | D:3      | Gained mutation: You are slightly more attuned to the shadows. [demonic ancestry]
  4401 | D:3      | Reached XP level 5. HP: 23/37 MP: 5/5
  4804 | D:3      | Found a hazy altar of Hepliaklqana.
  5357 | D:2      | Slain by an orc

Vault maps used:
D:1:      saegor_arrival_simple_d, lexackson_kobold_supper
D:2:      serial_co_window_serial, co_window_paths_a, co_window_paths_a,
          co_window_corner_a, co_window_paths_a, co_window_corner_a,
          co_window_broadway_c, co_window_unsneaky_path_d,
          co_window_of_opportunity_b, co_window_of_opportunity_b,
          co_window_2corner, glass_columns_a, nemelex_dance_club_becter,
          uniq_jessica
D:3:      nicolae_overflow_hidden_temple

Skill      XL: |  1  2  3  4  5 |
---------------+----------------+-----
Short Blades   | 2 3 4 |  4.1
Stealth        | 2 3 |  3.0
Fighting       | |  1.0
Shields        | |  1.7
Summonings     | |  1.0
Necromancy     | |  4.3

Action                   |  1- 3 |  4- 6 || total
-------------------------+-------+-------++-------
Melee: Dagger            |   226 |   282 ||   508
       Kick              |    35 |     3 ||    38
  Use: Scroll            |     1 |     3 ||     4
       Potion            |     1 |     2 ||     3
 Stab: Sleeping          |     4 |     4 ||     8
  Eat: Chunk             |     4 |     5 ||     9
       Ration            |       |     2 ||     2
Armor: Robe              |    42 |    19 ||    61
       Scale mail        |       |    50 ||    50
Dodge: Dodged            |    80 |   103 ||   183
Block: Buckler           |    29 |    41 ||    70

Table legend:
 A = Spawn XP
 B = Non-spawn XP
 C = Spawn XP percentage of total XP
 D = Spawn monster count
 E = Non-spawn monster count
 F = Spawn count percentage of total count
 G = Total turns spent on level
                    A         B        C        D         E        F      G
               +---------+---------+-------+---------+---------+-------+---------
         Total |       0 |     277 |   0.0 |       0 |      72 |   0.0 |  5357
               +---------+---------+-------+---------+---------+-------+---------
           D:1 |       0 |      44 |   0.0 |       0 |      25 |   0.0 |  1492
           D:2 |       0 |      88 |   0.0 |       0 |      20 |   0.0 |  2149
           D:3 |       0 |     145 |   0.0 |       0 |      27 |   0.0 |  1716
               +---------+---------+-------+---------+---------+-------+---------
